 Dungeon Crawl Stone Soup version 0.29.1-12-g30fa7ad0bf (webtiles) character file.

Game seed: 4218280994302527895

985 Radix the Fighter (level 7, -1/63 (69) HPs)
             Began as a Minotaur Berserker on Jan 11, 2023.
             Was a Priest of Trog.
             Slain by a wight
             ... wielding a +1 halberd
              (2 damage)
             ... on level 6 of the Dungeon.
             The game lasted 00:14:05 (4607 turns).

Radix the Fighter (Minotaur Berserker)              Turns: 4607, Time: 00:14:06

HP:   -1/63 (69)    AC: 11    Str: 24    XL:     7   Next: 97%
MP:   6/6           EV:  8    Int:  4    God:    Trog [***...]
Gold: 258           SH:  0    Dex:  9    Spells: 6/6 levels left

rFire   . . .      SeeInvis .   t - +1 hand axe (vorpal)
rCold   + . .      Faith    .   (no shield)
rNeg    . . .      Spirit   .   s - +0 chain mail
rPois   .          Reflect  .   (helmet restricted)
rElec   .          Harm     .   z - +0 cloak
rCorr   .          Rampage  .   k - +0 pair of gloves
Will    ++...                   (no boots)
Stlth   ..........              (no amulet)
HPRegen 1.20/turn               q - ring of protection from cold
MPRegen 0.10/turn               (no ring)

@: lethally poisoned (-1 -> -6), strong-willed, on berserk cooldown,
regenerating, slowed, drained, very slow
A: horns 2, retaliatory headbutt
a: Renounce Religion, Berserk, Trog's Hand


You were on level 6 of the Dungeon.
You worshipped Trog.
Trog was most pleased with you.
You visited 1 branch of the dungeon, and saw 6 of its levels.

You collected 258 gold pieces.

Inventory:

Hand Weapons
 t - a +1 vorpal hand axe (weapon)
Missiles
 h - 4 silver javelins
 m - 4 boomerangs (quivered)
 y - 4 javelins
 A - 10 poisoned darts
Armour
 k - a +0 pair of gloves (worn)
 s - a +0 chain mail (worn)
 z - a +0 cloak (worn)
Jewellery
 a - a ring of willpower
 c - a ring of fire
 q - a ring of protection from cold (left hand)
 v - a ring of protection from cold
Scrolls
 d - 3 scrolls of fear {unknown}
 f - 3 scrolls of teleportation {unknown}
 g - 3 scrolls of identify
 i - a scroll of immolation {unknown}
 l - 4 scrolls of vulnerability {unknown}
 p - 2 scrolls of amnesia {unknown}
 w - a scroll of enchant armour {unknown}
 B - a scroll of blinking {unknown}
Potions
 b - a potion of heal wounds {unknown}
 e - 2 potions of haste
 j - a potion of berserk rage {unknown}
 n - a potion of attraction {unknown}
 o - 2 potions of curing {unknown}
 r - 2 potions of brilliance {unknown}
 u - 2 potions of might
 x - a potion of resistance {unknown}


   Skills:
 + Level 8.6 Fighting
 + Level 8.6 Axes
 - Level 2.4 Armour
 - Level 2.1 Dodging


You had 6 spell levels left.
You didn't know any spells.
Your spell library was empty.

Dungeon Overview and Level Annotations

Branches:
Dungeon (6/15)
 Temple: D:4-7

Altars:

Shops:
D:4 *


Innate Abilities, Weirdness & Mutations

You have a pair of horns on your head.
You reflexively headbutt those who attack you in melee.


Message History

The wight barely misses you. The wight hits you with a +1 halberd.
The white imp barely misses you. You furiously retaliate!
You headbutt the white imp!
You kill the white imp!
Trog accepts your kill.
The scorpion stings you but does no damage.
The hound misses you.
You closely miss the wight. You hit the scorpion but do no damage.
You closely miss the wight. You barely miss the hound. You hit the shadow imp.
The hound bites you but does no damage.
The scorpion stings you but does no damage.
The wight hits you but does no damage.
A shadow imp comes into view.
The wight hits you but does no damage.
The shadow imp hits you but does no damage.
The hound bites you but does no damage. The scorpion barely misses you.
The shadow imp completely misses you. You furiously retaliate!
You headbutt the shadow imp!
You kill the shadow imp!
Trog accepts your kill.
The wight hits you with a +0 great sword!
* * * LOW HITPOINT WARNING * * *
You feel drained.
* * * LOW HITPOINT WARNING * * *
The wight hits you with a +1 halberd!
* * * LOW HITPOINT WARNING * * *
You feel drained.
The shadow imp moves out of view.
As you read the scroll labelled QAH UWNUGAPRU, it crumbles to dust.
It is a scroll of identify.
e - 2 potions of haste The hound closely misses you.
You furiously retaliate!
You headbutt the hound, but do no damage.
The scorpion stings you.
* * * LOW HITPOINT WARNING * * *
You are poisoned.
The scorpion poisons you! The wight barely misses you.
The wight hits you with a +1 halberd.
* * * LOW HITPOINT WARNING * * *
You feel drained.
You die...

#. . ####.#. #.....#
..#.....# ..#....z#
###### .!!h..oo#
###..... .....ozz#
#....### ....l/h@###
####....##.
(.......s.####.......##.
......))..#....#.##'###.
.......)†.#..........##.
......................#.
......)†...#............
...........#............
...........#............
.....#.....#............


You could see a black bear, a scorpion, an iguana, a hound, 3 wights, an orc
priest and 2 orcs.

Vanquished Creatures
  A water moccasin (D:6)
  A black bear (D:6)
  An ogre (D:4)
  A kobold brigand (D:5)
  An orc priest (D:5)
  3 hounds
  2 jellies (D:6)
  Jessica (D:3)
  2 iguanas (D:5)
  5 orc wizards
  Terence (D:3)
  A gnoll (D:1)
  6 adders
  2 shadow imps
  A white imp (D:6)
  2 ufetubi (D:6)
  2 worms (D:3)
  2 dart slugs
  16 orcs
  10 ball pythons
  14 bats
  7 endoplasms
  6 giant cockroaches
  5 goblins
  9 hobgoblins
  3 jackals (D:3)
  12 kobolds
  2 quokkas
  A frilled lizard (D:2)
  5 rats
125 creatures vanquished.

Vanquished Creatures (others)
  19 plants (D:3)
19 creatures vanquished.

Grand Total: 144 creatures vanquished

Notes
Turn   | Place    | Note
-------+----------+-------------------------------------------
     0 | D:1      | Radix the Minotaur Berserker began the quest for the Orb.
     0 | D:1      | Reached XP level 1. HP: 19/19 MP: 0/0
   251 | D:1      | Reached XP level 2. HP: 27/27 MP: 1/1
   948 | D:2      | Reached XP level 3. HP: 33/34 MP: 2/2
  1339 | D:2      | Reached XP level 4. HP: 41/41 MP: 3/3
  1360 | D:2      | Reached skill level 5 in Fighting
  1360 | D:2      | Reached skill level 5 in Axes
  1886 | D:3      | Reached ** piety under Trog
  2273 | D:3      | Found a faded altar of an unknown god.
  2375 | D:3      | Reached XP level 5. HP: 35/48 MP: 4/4
  2452 | D:3      | Noticed Terence
  2458 | D:3      | Killed Terence
  2548 | D:3      | Noticed Jessica
  2554 | D:3      | Killed Jessica
  2679 | D:3      | Identified the +10 short sword of Conformity {holy, rC+
                  | Stlth+}
  3012 | D:4      | Reached XP level 6. HP: 57/57 MP: 5/5
  3563 | D:4      | Found Fukipn's Fire Supplies.
  3678 | D:5      | Entered Level 5 of the Dungeon
  3942 | D:5      | Reached *** piety under Trog
  3943 | D:5      | Reached XP level 7. HP: 61/66 MP: 6/6
  4607 | D:6      | HP: 1/64 [wight/+1 halberd (5)]
  4607 | D:6      | Slain by a wight

Illustrated notes

Levels and vault maps discovered:
D:1:      dpeg_arrival_erosion, layout_basic
D:2:      wander_river, layout_basic, nicolae_hexahallways
D:3:      layout_basic, hellmonk_ecumenical_altar_inner_sanctum,
          chequers_serial_rivers_large_b, serial_bayou_lagoon_b, uniq_jessica,
          uniq_terence
D:4:      layout_basic, chequers_serial_rivers_room_b, minmay_misc_feat_x,
          nicolae_shop_fire_sale [nicolae_sub_dead_trees]
D:5:      layout_loops_ring, roderic_batcave
D:6:      gammafunk_cloud_chamber, layout_basic, temple_statues,
          nicolae_zen_rock_garden

Skill      XL: |  1  2  3  4  5  6  7 |
---------------+----------------------+-----
Fighting       | 4 5 6 7 8 |  8.6
Axes           | 4 5 6 7 8 |  8.6
Armour         | |  2.4
Dodging        | |  2.1

Action                   |  1- 3 |  4- 6 |  7- 9 || total
-------------------------+-------+-------+-------++-------
Melee: Hand axe          |    61 |   142 |    60 ||   263
       Headbutt          |     5 |    15 |     4 ||    24
       Punch             |       |     1 |       ||     1
Invok: Trog's Hand       |       |     1 |     2 ||     3
       Berserk           |       |       |     1 ||     1
  Use: Scroll            |       |       |     1 ||     1
Armor: Animal skin       |     2 |       |       ||     2
       Leather armour    |     3 |       |       ||     3
       Ring mail         |    21 |    23 |       ||    44
       Chain mail        |       |    39 |    53 ||    92
Dodge: Dodged            |    42 |    63 |    53 ||   158
